 Dungeon Crawl Stone Soup version 0.28.0-1-gb440e238dd (webtiles) character file.

Game seed: 8108261258600351988

159557 PoweredByGinger the Executioner (level 17, -38/161 HPs)
             Began as a Minotaur Fighter on Feb 20, 2022.
             Was the Champion of Okawaru.
             Annihilated by Aizul (44 damage)
             ... on level 1 of the Swamp.
             The game lasted 00:43:53 (38121 turns).

PoweredByGinger the Executioner (Minotaur Fighter) Turns: 38121, Time: 00:43:53

Health: -38/161    AC: 19    Str: 28    XL:     17   Next: 16%
Magic:  22/22      EV:  2    Int:  5    God:    Okawaru [******]
Gold:   1460       SH:  0    Dex:  7    Spells: 16/16 levels left

rFire   + + +      SeeInvis .   a - +7 battleaxe of Fate {pain, rElec}
rCold   x . .      Faith    .   (shield currently unavailable)
rNeg    . . .      Spirit   .   J - +0 plate armour
rPois   .          Reflect  +   t - +0 hat
rElec   +          Harm     .   z - +0 cloak
rCorr   .          Rampage  +   (no gloves)
Will    .....                   T - +0 pair of boots {rampage}
Stlth   ..........              x - amulet of the Mantidfly {Reflect rElec rF++ Will- Dex-4 SH+5}
HPRegen 0.36/turn               p - ring of fire
MPRegen 0.18/turn               y - ring of the Hare {EV+8}

@: lethally poisoned (-38 -> -49), sleeping, finesse-ful
A: horns 2, retaliatory headbutt
a: Renounce Religion, Heroism, Finesse, Duel


You were on level 1 of the Swamp.
You worshipped Okawaru.
Okawaru was exalted by your worship.
You visited 7 branches of the dungeon, and saw 27 of its levels.

You collected 2152 gold pieces.
You spent 692 gold pieces at shops.

Inventory:

Hand Weapons
 a - the +7 battleaxe of Fate (weapon) {pain, rElec}
   (Okawaru gifted it to you on level 5 of the Lair of Beasts)

   In the hands of one skilled in necromantic magic, it inflicts extra damage on
   living creatures.
   rElec:     It insulates you from electricity.
 b - a +3 dire flail
 H - a +0 war axe
Missiles
 i - 102 bolts
 A - 30 poisoned darts
 K - 9 boomerangs
 P - 4 throwing nets
 Q - 3 datura-tipped darts
 S - 2 silver javelins
 V - a silver boomerang (quivered)
Armour
 t - a +0 hat (worn)
 z - a +0 cloak (worn)
 J - a +0 plate armour (worn)
 T - a +0 pair of boots of rampaging (worn)
 Y - a +1 leather armour of poison resistance
Jewellery
 e - an amulet of the acrobat
 l - a ring of protection from fire
 p - a ring of fire (left hand)
 r - an amulet of reflection
 u - an amulet of regeneration
 x - the amulet of the Mantidfly (around neck) {Reflect rElec rF++ Will- Dex-4 SH+5}
   (You bought it in a shop on level 2 of the Orcish Mines)

   [amulet of reflection]

   It reflects blocked missile attacks.
   Dex:       It affects your dexterity (-4).
   rF:        It greatly protects you from fire.
   rElec:     It insulates you from electricity.
   SH:        It affects your SH (+5).
   Will:      It decreases your willpower.
 y - the ring of the Hare (right hand) {EV+8}
   (You found it on level 5 of the Dungeon)

   [ring of evasion]

   EV:        It affects your evasion (+8).
 C - a ring of flight
 O - a ring of protection from cold
 U - an amulet of guardian spirit
Wands
 n - a wand of iceblast (19)
 B - a wand of paralysis (14)
 D - a wand of digging (18)
 E - a wand of flame (4)
 Z - a wand of acid (5)
Scrolls
 c - 2 scrolls of silence
 d - 4 scrolls of identify
 f - 2 scrolls of amnesia
 g - 9 scrolls of teleportation
 h - a scroll of holy word {unknown}
 k - 2 scrolls of blinking
 o - 3 scrolls of fear
 q - 6 scrolls of immolation
 v - 5 scrolls of noise
 w - 5 scrolls of fog
 N - a scroll of enchant weapon
 X - 2 scrolls of magic mapping
Potions
 j - a potion of berserk rage {unknown}
 m - a potion of flight
 s - 2 potions of resistance
 F - 3 potions of heal wounds
 G - a potion of ambrosia {unknown}
 I - 8 potions of curing
 L - 2 potions of haste
 M - 2 potions of might
 R - a potion of lignification
 W - 3 potions of cancellation


   Skills:
 * Level 17.2 Fighting
 - Level 25.0 Axes
 + Level 13.9 Armour
 - Level 7.1 Dodging
 - Level 5.0 Shields
 - Level 8.8 Invocations


You had 16 spell levels left.
You didn't know any spells.
Your spell library contained the following spells:

 Spells                   Type           Power      Damage    Failure   Level
 Slow                     Hex            0%         N/A       98%         1
 Blink                    Tloc           0%         N/A       99%         2
 Scorch                   Fire           0%         2d5       99%         2
 Confusing Touch          Hex            0%         N/A       100%        3
 Conjure Flame            Conj/Fire      0%         6-21      100%        3
 Ignite Poison            Fire/Tmut/Pois 0%         N/A       100%        3
 Lesser Beckoning         Tloc           0%         N/A       100%        3
 Mephitic Cloud           Conj/Pois/Air  0%         N/A       100%        3
 Teleport Other           Tloc           0%         N/A       100%        3
 Vampiric Draining        Necr           0%         2d6       100%        3
 Flame Wave               Conj/Fire      0%         2d4       100%        4
 Fulminant Prism          Conj/Hex       0%         3d6       100%        4
 Iskenderun's Mystic Bla  Conj/Tloc      0%         2d3       100%        4
 Leda's Liquefaction      Hex/Erth       0%         N/A       100%        4
 Olgreb's Toxic Radiance  Pois           0%         N/A       100%        4
 Sticky Flame             Conj/Fire      0%         2d3       100%        4
 Lee's Rapid Deconstruct  Erth           0%         3d5*      100%        5
 Manifold Assault         Tloc           0%         N/A       100%        5
 Eringya's Noxious Bog    Tmut/Pois      0%         N/A       100%        6
 Statue Form              Tmut/Erth      0%         N/A       100%        6
 Summon Forest            Summ/Tloc      Unusable   N/A       N/A         5
 Summon Cactus Giant      Summ           Unusable   N/A       N/A         6
 Summon Hydra             Summ           Unusable   N/A       N/A         7

Dungeon Overview and Level Annotations

Branches:
Dungeon (15/15)            Temple (1/1) D:6            Lair (6/6) D:11
  Swamp (1/4) Lair:4       Spider (1/4) Lair:4        Slime (1/5) Lair:6
    Orc (2/2) D:12            Elf (0/3) Orc:2        Vaults (0/5) D:13
 Depths (0/4) D:15

Altars:
Ashenzari
Cheibriados
Dithmenos
Elyvilon
Fedhas
Gozag
Hepliaklqana
Kikubaaqudgha
Makhleb
Nemelex Xobeh
Okawaru
Qazlal
Ru
Sif Muna
Trog
Uskayaw
Vehumet
Wu Jian
Xom
Yredelemnul
Zin
The Shining One
Beogh
Lugonu

Shops:
D:1 (   D:2 ?   D:5 :   D:6 *   D:15 *   Orc:2 =:

Portals:
Abyss: D:3

Annotations:
Lair:3 exclusion: downstairs
Swamp:1 Aizul, Josephine


Innate Abilities, Weirdness & Mutations

You have a pair of horns on your head.
You reflexively headbutt those who attack you in melee.


Message History

You carve the swamp worm like a ham!!!
You kill the swamp worm!
Okawaru accepts your kill.
You start resting.
A goliath frog is nearby!
A goliath frog is nearby!
The goliath frog hits you but does no damage.
You rampage towards the goliath frog!
A bog body comes into view.
You completely miss the goliath frog.
You chop the goliath frog into pieces!!!
Your headbutt misses the goliath frog.
The goliath frog is almost dead.
The goliath frog completely misses you. You furiously retaliate!
You headbutt the goliath frog, but do no damage.
You slash the goliath frog!
You kill the goliath frog!
Okawaru accepts your kill.
Found 21 gold pieces.
You slice the bog body!!
The bog body is heavily damaged.
The bog body touches you but does no damage.
You slice the bog body!!
You destroy the bog body!
Okawaru accepts your kill.
You feel like a meek peon again.
You hear a shout!
You start resting.
Aizul is nearby!
Aizul is nearby!
Aizul coils herself and waves her upper body at you.
The bolt of poison hits you!!
You are poisoned.
* * * LOW HITPOINT WARNING * * *
Aizul coils herself and waves her upper body at you.
You fall asleep.
* * * LOW HITPOINT WARNING * * *
You feel very sick. Aizul hits you!!!
You die...

♣♣......♣♣ ♣.≈≈.≈.♣.♣
♣..≈≈≈≈♣.♣ ♣≈.
≈.≈≈.....♣♣ ♣ ♣≈≈
....≈≈≈≈..♣ .♣ ♣♣..
≈.......≈≈♣♣ ≈.♣ ♣.≈≈
#≈≈..≈..♣...♣♣ ♣♣♣..
#...@...≈.§..♣♣♣♣≈..≈
#$###S#.♣.≈...≈...§≈≈
# #...# ♣...≈≈≈≈≈≈.
.#..#.#.# ≈.≈.≈≈≈≈.
).......# ...♣≈♣≈§≈≈.
....#...# ♣....§.≈♣.
##....#.. ..♣♣....
##.+...#. ♣≈...
#..####.≈ ♣.≈..


You could see Aizul.

Vanquished Creatures
  Rupert (Lair:4)
  A tentacled monstrosity (Swamp:1)
  Kirke (D:15)
  A fire giant (shapeshifter) (D:11)
  A stone giant (D:15)
  An eleionoma (Swamp:1)
  A bunyip (Swamp:1)
  A great orb of eyes (D:15)
  Harold (D:10)
  A ghost crab (Swamp:1)
  12 hydras
  3 catoblepae
  2 boulder beetles
  3 ogre magi
  A merfolk avatar (Lair:6)
  3 centaur warriors (D:13)
  19 two-headed ogres
  2 tengu warriors
  An orc high priest (Orc:1)
  6 death yaks
  A fire crab (shapeshifter) (D:14)
  A skeletal warrior (D:13)
  A flayed ghost (D:11)
  2 goliath frogs (Swamp:1)
  2 sea snakes (Lair:6)
  A bog body (Swamp:1)
  A deep elf archer (D:12)
  4 orc knights
  A deep troll (D:15)
  8 deep elf pyromancers
  5 harpies
  3 wizards
  5 orc sorcerers
  12 ugly things
  9 cyclopes
  3 manticores
  14 elephants
  A guardian serpent (shapeshifter) (D:14)
  A torpor snail (Lair:6)
  5 centaur zombies
  5 black mambas
  8 rime drakes
  An unseen horror (D:10)
  18 cane toads
  An efreet (D:15)
  4 tengu conjurers
  6 komodo dragons
  A merfolk (shapeshifter) (D:11)
  12 trolls
  A meliai (Lair:4)
  4 polar bears
  2 hornets
  10 slime creatures
  4 dream sheep (Lair:6)
  2 tyrant leeches (Swamp:1)
  15 blink frogs
  Grinder (D:5)
  3 snapping turtles (Lair:6)
  4 humans (D:15)
  3 shadows
  6 wyverns
  2 vampires
  74 yaks
  3 hogs (D:15)
  11 basilisks
  12 vampire mosquitoes
  A swamp worm (Swamp:1)
  5 steam dragons
  2 wargs
  3 acid dragons
  20 water moccasins
  25 orc warriors
  3 sky beasts
  2 black bears
  2 necrophages
  9 wolves
  19 ogres
  14 centaurs
  2 phantoms (D:12)
  3 kobold brigands
  Blork the orc (D:5)
  6 bullfrogs
  5 scorpions
  A wyvern skeleton (D:7)
  3 troll zombies (D:12)
  14 killer bees
  9 wights
  4 electric eels
  3 howler monkeys
  5 centaur skeletons
  4 jellies
  Crazy Yiuf (D:5)
  13 orc priests
  A bullfrog skeleton (D:5)
  4 hounds
  Ijyb (D:3)
  Terence (D:2)
  2 iguanas (D:6)
  12 orc wizards
  2 killer bee zombies
  3 ogre zombies (D:12)
  A hound skeleton (D:4)
  4 howler monkey zombies
  A howler monkey skeleton (D:6)
  5 gnolls
  4 adders
  A shadow imp (D:4)
  13 white imps
  An ufetubus (D:5)
  4 worms
  3 dart slugs
  80 orcs
  5 endoplasms
  5 giant cockroaches
  2 goblins
  9 hobgoblins
  2 jackals (D:1)
  5 quokkas
  8 ball pythons
  3 bats
  3 frilled lizards
  3 goblin skeletons (D:12)
  2 goblin zombies (D:12)
  2 hobgoblin skeletons (D:12)
  3 hobgoblin zombies (D:12)
  17 kobolds
  2 orc skeletons (D:12)
  7 orc zombies (D:12)
  5 rats
  2 bushes
762 creatures vanquished.

Vanquished Creatures (others)
  A giant cockroach (D:3)
  48 fungi
  86 plants
  A withered plant (D:13)
136 creatures vanquished.

Grand Total: 898 creatures vanquished

Notes
Turn   | Place    | Note
-------+----------+-------------------------------------------
     0 | D:1      | PoweredByGinger the Minotaur Fighter began the quest for
                  | the Orb.
     0 | D:1      | Reached XP level 1. HP: 19/19 MP: 0/0
   157 | D:1      | Reached XP level 2. HP: 26/27 MP: 1/1
   389 | D:1      | Found a faded altar of an unknown god.
   481 | D:1      | Reached skill level 3 in Axes
   639 | D:1      | Reached XP level 3. HP: 33/33 MP: 2/2
   806 | D:1      | Found Waakodd's Antique Weapon Shop.
  1058 | D:2      | Found Moanius's Magic Scroll Boutique.
  1066 | D:2      | Reached XP level 4. HP: 29/41 MP: 3/3
  1171 | D:2      | Bought 2 scrolls of identify for 40 gold pieces
  1171 | D:2      | Bought a scroll of teleportation for 30 gold pieces
  1221 | D:2      | Noticed Terence
  1227 | D:2      | Killed Terence
  1762 | D:3      | Found a large runed translucent door.
  1763 | D:3      | Found a large runed translucent door.
  1772 | D:3      | Found a corrupted altar of Lugonu.
  1842 | D:3      | Noticed Ijyb
  1851 | D:3      | Killed Ijyb
  1860 | D:3      | Reached XP level 5. HP: 39/47 MP: 4/4
  2255 | D:3      | Found a one-way gate to the infinite horrors of the Abyss.
  3307 | D:4      | Reached skill level 4 in Axes
  3323 | D:4      | Reached skill level 5 in Fighting
  3323 | D:4      | Reached skill level 5 in Armour
  3323 | D:4      | Reached skill level 5 in Shields
  3394 | D:4      | Reached XP level 6. HP: 56/56 MP: 5/5
  3634 | D:4      | Reached skill level 5 in Axes
  3838 | D:4      | Reached skill level 6 in Axes
  4005 | D:4      | Reached XP level 7. HP: 61/61 MP: 6/6
  4125 | D:5      | Entered Level 5 of the Dungeon
  4181 | D:5      | Reached skill level 7 in Axes
  4256 | D:5      | Noticed Grinder
  4264 | D:5      | Killed Grinder
  4265 | D:5      | Reached skill level 8 in Axes
  4483 | D:5      | Found Ifubauwao's Book Emporium.
  4506 | D:5      | Noticed Blork the orc
  4513 | D:5      | Killed Blork the orc
  4707 | D:5      | Reached skill level 9 in Axes
  4752 | D:5      | Reached XP level 8. HP: 44/68 MP: 7/7
  4953 | D:5      | Found the ring of the Hare {EV+8}
  5105 | D:5      | Reached skill level 10 in Axes
  5268 | D:5      | Found a runed translucent door.
  5269 | D:5      | Noticed Crazy Yiuf
  5369 | D:5      | Killed Crazy Yiuf
  5731 | D:5      | Reached skill level 11 in Axes
  6498 | D:6      | Reached skill level 12 in Axes
  6587 | D:6      | Found a shimmering blue altar of Sif Muna.
  6587 | D:6      | Found an iron altar of Okawaru.
  6608 | D:6      | Found a shimmering altar of Xom.
  6608 | D:6      | Found a sacrificial altar of Ru.
  6626 | D:6      | Found a staircase to the Ecumenical Temple.
  6638 | D:6      | Found Eshrixank's General Store.
  6998 | D:6      | Reached XP level 9. HP: 74/74 MP: 8/8
  7034 | D:6      | Found an ornate altar of the Wu Jian Council.
  7075 | D:6      | Reached skill level 13 in Axes
  7294 | D:6      | Identified the +9 long sword of Cyusubbu {holy, Int+4}
  7441 | D:6      | Became a worshipper of Warmaster Okawaru
  7807 | D:7      | Reached * piety under Okawaru
  7868 | D:7      | Reached skill level 14 in Axes
  8446 | D:7      | Noticed a deep elf pyromancer
  8453 | D:7      | Killed a deep elf pyromancer
  8827 | D:8      | Reached ** piety under Okawaru
  8828 | D:8      | Reached XP level 10. HP: 65/88 MP: 9/9
  9167 | D:8      | Reached skill level 15 in Axes
  9424 | D:8      | Found a glowing silver altar of Zin.
  9447 | D:8      | Found an ancient bone altar of Kikubaaqudgha.
 10057 | Temple   | Entered the Ecumenical Temple
 10447 | D:9      | Noticed a two-headed ogre
 10454 | D:9      | Killed a two-headed ogre
 10538 | D:9      | Reached *** piety under Okawaru
 10557 | D:9      | Reached skill level 10 in Fighting
 10740 | D:9      | Reached skill level 16 in Axes
 10740 | D:9      | Reached skill level 1 in Invocations
 10959 | D:9      | Found a bloodstained altar of Trog.
 11073 | D:9      | Noticed a two-headed ogre
 11081 | D:9      | Killed a two-headed ogre
 11081 | D:9      | Reached **** piety under Okawaru
 11305 | D:9      | Found a broken altar of Ashenzari.
 11504 | D:10     | Entered Level 10 of the Dungeon
 11667 | D:10     | Reached XP level 11. HP: 88/100 MP: 12/12
 11932 | D:10     | Found a shadowy altar of Dithmenos.
 11933 | D:10     | Found a glowing golden altar of the Shining One.
 11934 | D:10     | Found a basalt altar of Yredelemnul.
 11934 | D:10     | Found an opulent altar of Gozag.
 12023 | D:10     | Noticed Harold
 12052 | D:10     | Killed Harold
 12052 | D:10     | Reached ***** piety under Okawaru
 12052 | D:10     | Received a gift from Okawaru
 12065 | D:10     | Reached skill level 17 in Axes
 12065 | D:10     | Reached skill level 5 in Invocations
 12917 | D:11     | Noticed an ogre mage
 12917 | D:11     | Noticed a two-headed ogre
 12917 | D:11     | Noticed a two-headed ogre
 12917 | D:11     | Noticed a two-headed ogre
 13282 | D:11     | Killed a two-headed ogre
 13359 | D:10     | Killed a two-headed ogre
 13933 | D:11     | Noticed a boulder beetle
 13948 | D:11     | Noticed a two-headed ogre
 13949 | D:11     | Killed a boulder beetle
 13980 | D:10     | Killed a two-headed ogre
 14452 | D:10     | Reached skill level 18 in Axes
 14698 | D:11     | Killed a two-headed ogre
 15079 | D:11     | Noticed a two-headed ogre
 15363 | D:11     | Received a gift from Okawaru
 15381 | D:11     | Reached XP level 12. HP: 74/106 MP: 16/16
 15549 | D:11     | Killed a two-headed ogre
 15666 | D:11     | Found a staircase to the Lair.
 15767 | D:11     | Killed an ogre mage
 15774 | D:11     | Reached skill level 19 in Axes
 16165 | D:11     | Noticed a two-headed ogre
 16173 | D:11     | Killed a two-headed ogre
 16686 | D:11     | Noticed a fire giant
 17007 | D:11     | Noticed a fire giant
 17018 | D:11     | Killed a fire giant
 17654 | D:11     | Noticed a two-headed ogre
 17820 | D:11     | Identified the +1 chain mail "Fiuvoivo" {Will++ Stlth-}
                  | (Okawaru gifted it to you on level 11 of the Dungeon)
 17820 | D:11     | Received a gift from Okawaru
 18353 | D:11     | Noticed a two-headed ogre
 18363 | D:10     | Killed a two-headed ogre
 18958 | D:11     | Noticed a two-headed ogre
 18961 | D:11     | Reached XP level 13. HP: 106/122 MP: 18/18
 19018 | D:11     | Reached skill level 20 in Axes
 19169 | Lair:1   | Entered Level 1 of the Lair of Beasts
 21331 | Lair:2   | Reached ****** piety under Okawaru
 22081 | Lair:3   | Identified the +10 demon trident of Action {venom, rF+}
                  | (Okawaru gifted it to you on level 3 of the Lair of Beasts)
 22081 | Lair:3   | Received a gift from Okawaru
 22082 | Lair:3   | Reached skill level 21 in Axes
 23916 | Lair:4   | Noticed Rupert
 24031 | Lair:4   | Identified the +0 robe of Grace {Int+4} (Okawaru gifted it
                  | to you on level 4 of the Lair of Beasts)
 24031 | Lair:4   | Received a gift from Okawaru
 24314 | Lair:4   | Reached skill level 22 in Axes
 24561 | Lair:4   | Found a hole to the Spider Nest.
 24572 | Lair:4   | Reached XP level 14. HP: 122/129 MP: 19/19
 24888 | Lair:4   | Killed Rupert
 25108 | Lair:4   | Found a staircase to the Swamp.
 26073 | Spider:1 | Entered Level 1 of the Spider Nest
 26114 | Lair:5   | Reached skill level 10 in Armour
 26525 | Lair:5   | Reached skill level 1 in Dodging
 26556 | Lair:5   | Identified the +7 battleaxe of Fate {pain, rElec} (Okawaru
                  | gifted it to you on level 5 of the Lair of Beasts)
 26556 | Lair:5   | Received a gift from Okawaru
 26658 | Lair:6   | Entered Level 6 of the Lair of Beasts
 26685 | Lair:6   | Reached skill level 23 in Axes
 28206 | Lair:6   | Reached skill level 5 in Dodging
 28273 | Lair:6   | Identified the +1 scale mail of the World {rN+ Int+3}
                  | (Okawaru gifted it to you on level 6 of the Lair of Beasts)
 28273 | Lair:6   | Received a gift from Okawaru
 28828 | Lair:6   | Reached XP level 15. HP: 130/138 MP: 20/20
 28865 | Lair:6   | Found a staircase to the Slime Pits.
 28942 | Lair:6   | Reached XP level 16. HP: 146/146 MP: 21/21
 28956 | Lair:6   | Identified the +1 ring mail of Love and Death {rN+}
 29193 | Slime:1  | Entered Level 1 of the Pits of Slime
 29480 | D:12     | Found a staircase to the Orcish Mines.
 29865 | D:11     | Reached skill level 24 in Axes
 30954 | Orc:1    | Entered Level 1 of the Orcish Mines
 31167 | Orc:2    | Entered Level 2 of the Orcish Mines
 31431 | Orc:1    | Found a dark tunnel.
 32572 | Orc:2    | Found a staircase to the Elven Halls.
 32918 | Orc:2    | Found Vuaduth's Jewellery Emporium.
 33027 | Orc:2    | Found Toapese's Book Shoppe.
 33453 | Orc:2    | Bought the amulet of the Mantidfly {Reflect rElec rF++
                  | Will- Dex-4 SH+5} for 586 gold pieces
 33657 | D:13     | Found a gate to the Vaults.
 33884 | D:13     | Identified the +8 rapier of Circularity {protect, rElec rC+
                  | Int+5}
 34418 | D:13     | Reached skill level 15 in Fighting
 34606 | D:13     | Identified the +0 buckler of Masochism {Stlth+} (Okawaru
                  | gifted it to you on level 13 of the Dungeon)
 34606 | D:13     | Received a gift from Okawaru
 35247 | D:13     | Reached skill level 25 in Axes
 36106 | D:15     | Entered Level 15 of the Dungeon
 36120 | D:15     | Paralysed by a great orb of eyes for 6 turns
 36426 | D:15     | Found Baribae's General Store.
 36434 | D:15     | Bought a potion of curing for 36 gold pieces
 36463 | D:15     | Noticed Kirke
 36478 | D:15     | Killed Kirke
 36571 | D:15     | Identified the +6 scimitar "Ymeur" {freeze, rPois rN+}
 36712 | D:15     | Reached XP level 17. HP: 159/159 MP: 22/22
 36914 | D:15     | Found a staircase to the Depths.
 36925 | D:15     | Got the Volume of Dislocated Intoxication
 37823 | Swamp:1  | Entered Level 1 of the Swamp
 37859 | Swamp:1  | Noticed a tentacled monstrosity
 37869 | Swamp:1  | Killed a tentacled monstrosity
 38064 | Swamp:1  | Noticed Josephine
 38065 | Swamp:1  | Noticed Aizul
 38075 | Swamp:1  | Received a gift from Okawaru
 38079 | Swamp:1  | Noticed a tentacled monstrosity
 38082 | Swamp:1  | HP: 4/161 [poisoned by Aizul (poison arrow)]
 38121 | Swamp:1  | HP: 6/161 [poisoned by Aizul (bolt of poison)]
 38121 | Swamp:1  | Annihilated by Aizul

Illustrated notes

Levels and vault maps discovered:
D:1:      eino_arrival_water_star, layout_loops_ring,
          hellmonk_ecumenical_altar_zigzags, serial_shops, shop,
          chequers_serial_rivers_micro_e, st_stairs_12,
          chequers_serial_rivers_small_b
D:2:      layout_basic, serial_shops, nicolae_shop_trees, minmay_misc_feat_iff,
          uniq_terence
D:3:      due_chaos_kobolds, layout_basic, uniq_ijyb
D:4:      layout_gridville, serial_park_tiny_pond
D:5:      layout_basic, serial_shops, nicolae_diamond_shop,
          uniq_crazy_yiuf_cottage, uniq_grinder, uniq_blork_the_orc
D:6:      layout_loops_ring, lemuel_round_altar, grunt_temple_overflow_open,
          minmay_temple_entry_mini_moons, serial_shops, nicolae_take_the_stairs,
          hangedman_abyss_or_decor_jellyfish_corner
D:7:      nicolae_cairo_tiling_very_big, layout_cave_pools,
          guppyfry_early_elven_hall
D:8:      layout_loops_ring, mainiacjoe_overflow_two_lobes,
          grunt_decor_arrowhead
D:9:      layout_irregular_city, lemuel_crystal_altar,
          cheibrodos_ashenzari_chains
D:10:     layout_basic, mainiacjoe_overflow_alcove_3, kennysheep_small_square,
          uniq_harold
D:11:     nzn_winding_woodlands_stair_cross [nzn_winding_woodlands_5x15_crooked,
          nzn_winding_woodlands_center_pierced_h,
          nzn_winding_woodlands_5x15_sawtooth, nzn_winding_woodlands_5x5_three,
          nzn_winding_woodlands_hourglass,
          nzn_winding_woodlands_5x15_river_crossing,
          nzn_winding_woodlands_center_triple_pond,
          nzn_winding_woodlands_5x15_longhouse], layout_basic,
          portal_ice_cave_entry_imps, minmay_diced_spiral
D:12:     layout_stronghold, zombieorc1_lemuel
D:13:     layout_loops_ring, hangedman_vaults_entry_quadrant_bands,
          argonaut_gorgonesque
D:14:     layout_big_octagon, serial_bayou_lagoon_a
D:15:     hangedman_depths_entry_civil_slaughter, layout_long_grid,
          serial_shops, nicolae_shop_crystal, uniq_kirke
Temple:   nicolae_temple_figure_zero
Lair:1:   layout_regular_city
Lair:2:   hellmonk_destroyed_diamonds, layout_layer_cave
Lair:3:   layout_cave_pods, lemuel_old_faithful, grunt_megastairs_3,
          serial_bayou_shore_b, serial_bayou_shore_b
Lair:4:   layout_regular_city, minmay_swamp_entry_reptiles,
          hellmonk_spider_entry_not_the_bees, nicolae_lair_yak_garden,
          infiniplex_staircase_pool_2, uniq_rupert
Lair:5:   layout_cave_shapes, grunt_megastairs_1
Lair:6:   gammafunk_lair_ancient_temple, layout_regular_city,
          dpeg_slime_entry_corner, st_stairs_12
Swamp:1:  layout_falls_marsh, serial_swamp_ruin, evilmike_swamp_ruin_rubble_2,
          hangedman_swamp_ruin_hall, evilmike_swamp_ruin_rubble_1, swamp_pool1,
          uniq_roxanne, uniq_aizul, uniq_josephine
Spider:1: nicolae_spider_hilbert_zone_1 [nicolae_spider_hilbert_4_sides_1_open,
          nicolae_spider_hilbert_4_sides_1_open,
          nicolae_spider_hilbert_4_sides_1_open,
          nicolae_spider_hilbert_4_sides_1_open,
          nicolae_spider_hilbert_3_sides_1_open,
          nicolae_spider_hilbert_3_sides_1_open,
          nicolae_spider_hilbert_3_sides_1_open,
          nicolae_spider_hilbert_3_sides_1_open,
          nicolae_spider_hilbert_3_sides_1_open,
          nicolae_spider_hilbert_6_sides_1_open,
          nicolae_spider_hilbert_6_sides_1_open,
          nicolae_spider_hilbert_3_sides_1_open,
          nicolae_spider_hilbert_3_sides_1_open,
          nicolae_spider_hilbert_3_sides_1_open,
          nicolae_spider_hilbert_3_sides_1_open,
          nicolae_spider_hilbert_2_sides_1_open], nicolae_spider_jagged_tunnels
Slime:1:  layout_caves
Orc:1:    layout_caves, enter_volcano_1
Orc:2:    pubby_orc_utopia, serial_shops

Skill      XL: |  1  2  3  4  5  6  7  8  9 10 11 12 13 14 15 16 17 |
---------------+----------------------------------------------------+-----
Fighting       | 4 5 7 10 13 14 16 17 | 17.2
Armour         | 4 5 9 11 13 | 13.9
Shields        | 4 5 |  5.0
Axes           | 3 4 6 9 12 14 16 18 19 22 23 25 | 25.0
Invocations    | 3 7 8 |  8.8
Dodging        | 5 6 7 |  7.1

Action                   |  1- 3 |  4- 6 |  7- 9 | 10-12 | 13-15 | 16-18 || total
-------------------------+-------+-------+-------+-------+-------+-------++-------
Melee: War axe           |    63 |   122 |   257 |   534 |       |       ||   976
       Headbutt          |     2 |    17 |    45 |   150 |   156 |   138 ||   508
       Battleaxe         |       |       |       |    26 |   632 |   598 ||  1256
       Dire flail        |       |       |       |       |    47 |     7 ||    54
Throw: Dart              |       |       |       |     7 |       |       ||     7
       Boomerang         |       |       |       |     1 |     5 |       ||     6
Invok: Finesse           |       |       |       |     2 |     2 |     1 ||     5
       Heroism           |       |       |       |       |     4 |     1 ||     5
Evoke: Wand              |       |       |       |    19 |     9 |     1 ||    29
  Use: Scroll            |       |     5 |     4 |     9 |    10 |     3 ||    31
       Potion            |       |       |     2 |       |     2 |     4 ||     8
 Stab: Petrified         |       |       |       |       |     3 |       ||     3
       Petrifying        |       |       |       |       |     1 |       ||     1
Armor: Scale mail        |    27 |    35 |    45 |     5 |       |       ||   112
       Plate armour      |       |       |       |   117 |   225 |   169 ||   511
       Leather armour    |       |       |       |       |       |     2 ||     2
Dodge: Dodged            |    29 |    69 |   147 |   334 |   403 |   336 ||  1318
Block: Buckler           |    18 |    20 |    48 |    80 |       |       ||   166
       Other             |       |       |       |       |       |    46 ||    46
       Reflection        |       |       |       |       |       |     5 ||     5
